 Dungeon Crawl Stone Soup version 0.31-a0-339-gda1cbd555d (webtiles) character file.

Game seed: 7151824017310801107

508 Graywind the Ruffian (level 6, 0/61 HPs)
             Began as a Troll Fighter on July 19, 2023.
             Was a Follower of Zin.
             Succumbed to a killer bee's poison
             ... on level 4 of the Dungeon on July 20, 2023.
             The game lasted 00:15:27 (1482 turns).

Graywind the Ruffian (Troll Fighter)                Turns: 1482, Time: 00:15:28

Health: 0/61       AC:  5    Str: 27    XL:     6   Next: 98%
Magic:  5/5        EV:  9    Int:  4    God:    Zin [*.....]
Gold:   22         SH:  8    Dex:  9    Spells: 5/5 levels left

rFire   . .          .
                       - Unarmed
rCold   . . .        b - +0 kite shield
rNeg    . . .        f - +1 robe
rPois   .            (helmet restricted)
rElec   .            (no cloak)
rCorr   .            (gloves unavailable)
SInv    .            (boots unavailable)
Will    .....        (no amulet)
Stlth   +            d - ring of flight
HPRegen 1.10/turn    (no ring)
MPRegen 0.09/turn

%: no passive effects
@: lethally poisoned (0 -> -7), flying, invisible (expiring)
A: large, unfitting armour, claws 3, regeneration 1, shaggy fur 1, tough skin 1
a: Renounce Religion, Recite, Donate Gold


You were on level 4 of the Dungeon.
You worshipped Zin.
Zin was aware of your devotion.
You visited 1 branch of the dungeon, and saw 5 of its levels.

You collected 137 gold pieces.
You spent 50 gold pieces at shops.
You donated 65 gold pieces to Zin.

Inventory:

Armour
 b - a +0 kite shield (worn)
 f - a +1 robe (worn)
Magical Staves
 e - a staff of fire
Jewellery
 d - a ring of flight (left claw)
Scrolls
 c - a scroll of fog
 h - 2 scrolls of revelation
 j - 3 scrolls of identify


   Skills:
 + Level 3.4 Fighting
 + Level 0.1 Staves
 + Level 3.6 Dodging
 + Level 0.1 Stealth
 + Level 4.1 Shields
 + Level 4.9 Unarmed Combat
 + Level 0.5 Invocations


You had 5 spell levels left.
You didn't know any spells.
Your spell library was empty.

Dungeon Overview and Level Annotations

Branches:
Dungeon (5/15)
 Temple: D:4-7

Altars:
Ashenzari
Elyvilon
Makhleb
Trog
Uskayaw
Yredelemnul
Zin

Shops:
D:5 *


Innate Abilities, Weirdness & Mutations

You are too large for most types of armour.
You have claws for hands.
Your natural rate of healing is unusually fast.
You are covered in fur. (AC +1)
You have tough skin. (AC +1)


Message History

The killer bee barely misses you. The killer bee stings you.
* * * LOW HITPOINT WARNING * * *
The killer bee stings you.
* * * LOW HITPOINT WARNING * * *
The killer bee closely misses you. The killer bee barely misses you.
You block the killer bee's attack. You block the killer bee's attack.
You block the killer bee's attack.
You flicker for a moment.
The killer bee closely misses you. The killer bee stings you.
* * * LOW HITPOINT WARNING * * *
You are poisoned.
The killer bee poisons you!
There is an escape hatch in the ceiling here.
You feel sick. You block the killer bee's attack.
The killer bee completely misses you. x2; The killer bee stings you.
Zin protects you from harm! A mysterious force pulls you upwards.
The hatch slams shut behind you.
You feel sick.
Found a glowing sapphire amulet.
You feel much better.
You feel sick. The killer bee stings you.
* * * LOW HITPOINT WARNING * * *
The kobold throws a stone.
The stone hits you but does no damage. The killer bee stings you.
* * * LOW HITPOINT WARNING * * *
You are more poisoned.
The killer bee poisons you!
You closely miss the killer bee.
You feel sick. You block the killer bee's attack. The killer bee stings you.
* * * LOW HITPOINT WARNING * * *
The kobold throws a stone.
The stone barely misses you. The killer bee stings you.
* * * LOW HITPOINT WARNING * * *
You are lethally poisoned!
The killer bee poisons you!
You completely miss the killer bee.
You die...

~## ..... ## ..
.......##.#
..........#
..........#
..........#
..........#####
...........K...
#.....y........
#.....y@.......
.......##.#....
."..... # .
....... .......
....... .......
.......


You could see 2 killer bees and a kobold (unable to see you).

Vanquished Creatures
  An ogre (D:5)
  A scorpion (D:5)
  A killer bee (D:5)
  A hound (D:5)
  Jessica (D:2)
  3 orc wizards (D:5)
  Robin (D:2)
  7 adders
  3 gnolls (D:5)
  3 ufetubi
  2 worms
  3 dart slugs
  7 orcs (D:5)
  5 endoplasms
  2 giant cockroaches
  8 goblins (D:2)
  7 hobgoblins
  2 kobolds (D:2)
  3 quokkas
  4 ball pythons
  3 bats
  3 frilled lizards
  4 rats
75 creatures vanquished.

Notes
Turn   | Place    | Note
-------+----------+-------------------------------------------
     0 | D:1      | Graywind the Troll Fighter began the quest for the Orb.
     0 | D:1      | Reached XP level 1. HP: 22/22 MP: 0/0
   198 | D:2      | Identified the +0 chain mail "Zeveavat" {Will+ Dex+5}
   223 | D:2      | Reached XP level 2. HP: 29/29 MP: 1/1
   326 | D:2      | Noticed Jessica
   329 | D:2      | Killed Jessica
   330 | D:2      | Reached XP level 3. HP: 28/36 MP: 2/2
   546 | D:2      | Found a glowing silver altar of Zin.
   553 | D:2      | Noticed Robin
   557 | D:2      | Reached XP level 4. HP: 45/45 MP: 3/3
   588 | D:2      | Killed Robin
   611 | D:2      | Became a worshipper of Zin the Law-Giver
   612 | D:2      | Donated 29 gold pieces to Zin
   905 | D:3      | Reached * piety under Zin
  1018 | D:5      | Entered Level 5 of the Dungeon
  1034 | D:5      | Reached XP level 5. HP: 51/53 MP: 4/4
  1049 | D:5      | Found a white marble altar of Elyvilon.
  1149 | D:5      | Found Woukh's General Store.
  1154 | D:5      | Bought a potion of heal wounds for 50 gold pieces
  1162 | D:5      | Reached XP level 6. HP: 61/61 MP: 5/5
  1322 | D:5      | Found a broken altar of Ashenzari.
  1322 | D:5      | Found a hide-covered altar of Uskayaw.
  1322 | D:5      | Found a burning altar of Makhleb.
  1323 | D:5      | Found a basalt altar of Yredelemnul.
  1335 | D:5      | Found a bloodstained altar of Trog.
  1354 | D:5      | Upgraded the game from 0.31-a0-329-g52107efa6a to
                  | 0.31-a0-339-gda1cbd555d
  1452 | D:5      | Donated 23 gold pieces to Zin
  1466 | D:5      | Zin protects you from harm!
  1470 | D:5      | HP: 1/61 [killer bee (4)]
  1477 | D:5      | HP: 3/61 [killer bee (6)]
  1478 | D:5      | Zin protects you from harm!
  1482 | D:4      | Succumbed to a killer bee's poison

Illustrated notes

Levels and vault maps discovered:
D:1:      wander_arrival_chamber, layout_basic, minmay_tetromino_t4
D:2:      layout_loops_ring, basic_altar, lemuel_flame_loot_1, uniq_robin,
          uniq_jessica
D:3:      layout_loops_cross, uniq_natasha
D:4:      layout_basic, serial_aquarium, aquarium_bridge_long_separate
          [aquarium_subvault_wall, aquarium_subvault_bridge,
          aquarium_subvault_bridge, aquarium_subvault_bridge,
          aquarium_subvault_bridge, aquarium_subvault_window],
          aquarium_window_corner, aquarium_window_1, aquarium_window_1,
          aquarium_window_corridor_2, aquarium_view_2c, aquarium_balcony_3b,
          aquarium_pool_2, cheibrodos_gnoll_hut
D:5:      layout_basic, mainiacjoe_overflow_paths, minitemple, serial_shops,
          nicolae_shop_behind_doors, roderic_batcave, st_stairs_4

Skill      XL: |  1  2  3  4  5  6 |
---------------+-------------------+-----
Shields        | 3 4 |  4.1
Fighting       | 3 |  3.4
Dodging        | 3 |  3.6
Unarmed Combat | 3 4 |  4.9
Staves         | |  0.1
Stealth        | |  0.1
Invocations    | |  0.5

Action                     |  1- 3 |  4- 6 || total
---------------------------+-------+-------++-------
  Melee: Unarmed           |    53 |   163 ||   216
         Staff             |     6 |       ||     6
 Invoke: Donate Gold       |       |     2 ||     2
         Recite            |       |     2 ||     2
  Evoke: Wand              |       |     2 ||     2
    Use: Scroll            |     3 |     5 ||     8
         Potion            |     2 |     3 ||     5
 Armour: Robe              |    21 |    61 ||    82
  Dodge: Dodged            |    21 |    57 ||    78
  Block: Kite shield       |    21 |    75 ||    96

Table legend: (Time is in decaauts)
 A = Elapsed time spent in this place.
 B = Non-inter-level travel time spent in this place.
 C = Inter-level travel time spent in this place.
 D = Time resting spent in this place.
 E = Time spent auto-exploring this place.
 F = Levels seen in this place.
 G = Mean time per level.
                   A        B        C        D        E       F      G
               +--------+--------+--------+--------+--------+-----+--------+
         Total |   1492 |   1492 |      0 |     63 |      0 |   5 |  298.4 |
       Dungeon |   1492 |   1492 |      0 |     63 |      0 |   5 |  298.4 |
               +--------+--------+--------+--------+--------+-----+--------+

Top non-repeatable levels by time:
     D:2: 551 daAuts
     D:5: 465 daAuts
     D:3: 234 daAuts
     D:1: 159 daAuts
     D:4: 81 daAuts
